 Dungeon Crawl Stone Soup version 0.23-a0-644-gb60d84b (webtiles) character file.

30076 Borgoz the Severer (level 13, -4/178 HPs)
             Began as a Hill Orc Abyssal Knight on Jan 1, 2019.
             Was a High Priest of Lugonu.
             Slain by a wolf (8 damage)
             ... on level 5 of the Lair of Beasts.
             The game lasted 00:41:04 (23239 turns).

Borgoz the Severer (Hill Orc Abyssal Knight)       Turns: 23239, Time: 00:41:05

Health: -4/178     AC: 11    Str: 21    XL:     13   Next: 49%
Magic:  17/18      EV: 17    Int: 12    God:    Lugonu [*****.]
Gold:   1037       SH:  0    Dex: 18    Spells: 12/12 levels left

rFire    . . .     SeeInvis .   a - +2 war axe (chop)
rCold    + . .     Gourm    .   (no shield)
rNeg     + . .     Faith    .   D - +3 leather armour "Zalya" {rPois rC+ MR+}
rPois    +         Spirit   .   (no helmet)
rElec    +         Reflect  .   g - +2 cloak
rCorr    +         Harm     .   z - +2 pair of gloves
MR       +....                  (no boots)
Stlth    ..........             u - amulet of rage
HPRegen  0.39/turn              R - ring of Lugonu's Approval {rElec rN+ AC-3 Dex+4}
MPRegen  0.16/turn              d - ring of resist corrosion

@: berserking (expiring), very quick
A: no striking features
a: Depart the Abyss, Bend Space, Banish, Corrupt, Enter the Abyss, Renounce
Religion, Evoke Berserk Rage


You were on level 5 of the Lair of Beasts.
You worshipped Lugonu.
Lugonu was extremely pleased with you.
You were very hungry.

You visited 3 branches of the dungeon, and saw 15 of its levels.
You visited the Abyss 1 time.

You collected 1037 gold pieces.

Inventory:

Hand Weapons
 a - a +2 war axe of chopping (weapon)
Missiles
 f - 12 tomahawks
 i - 4 exploding tomahawks
 I - 2 throwing nets (quivered)
Armour
 g - a +2 cloak (worn)
 x - the +3 leather armour of Greater Demons {+Blink rF+ rN+ Dex+4}
   (You found it on level 8 of the Dungeon)

   It affects your dexterity (+4).
   It protects you from fire.
   It protects you from negative energy.
   It lets you blink.
 z - a +2 pair of gloves (worn)
 D - the +3 leather armour "Zalya" (worn) {rPois rC+ MR+}
   (You found it on level 4 of the Lair of Beasts)

   It protects you from cold.
   It protects you from poison.
   It affects your resistance to hostile enchantments.
 F - a +0 ring mail of poison resistance
Jewellery
 d - a ring of resist corrosion (right hand)
 h - an uncursed amulet of the acrobat
 l - an uncursed amulet of the gourmand
 u - an amulet of rage (around neck)
 B - an uncursed ring of wizardry
 R - the ring of Lugonu's Approval (left hand) {rElec rN+ AC-3 Dex+4}
   (You found it on level 9 of the Dungeon)

   [ring of protection]

   It affects your AC (-3).
   It affects your dexterity (+4).
   It insulates you from electricity.
   It protects you from negative energy.
Wands
 q - a wand of paralysis (11)
 y - a wand of disintegration (21)
 A - a wand of acid (7)
 C - a wand of random effects (16)
 W - a wand of digging (3)
Scrolls
 e - 3 scrolls of enchant armour {unknown}
 k - 5 scrolls of teleportation
 m - a scroll of noise {unknown}
 n - 4 scrolls of magic mapping
 p - 4 scrolls of remove curse
 r - a scroll of enchant weapon
 s - 2 scrolls of fog {unknown}
 v - 2 scrolls of random uselessness {unknown}
 w - a scroll of fear {unknown}
 E - 2 scrolls of identify
Potions
 b - a potion of brilliance
 j - a potion of might
 o - 3 potions of flight
 t - a potion of resistance
 G - 3 potions of heal wounds
Comestibles
 c - 22 rations
 H - 11 chunks of flesh


   Skills:
 + Level 12.6 Fighting
 + Level 17.0 Axes
 + Level 10.3 Armour
 + Level 7.1 Dodging
 + Level 6.9 Invocations
 + Level 6.0 Evocations


You had 12 spell levels left.
You didn't know any spells.
Your spell library contained the following spells:

 Spells                   Type           Power        Failure   Level  Hunger
 Beastly Appendage        Tmut           #.....       36%         1    ##.....
 Flame Tongue             Conj/Fire      #....        36%         1    ##.....
 Infusion                 Chrm           #...         36%         1    ##.....
 Corpse Rot               Necr           N/A          50%         2    ###....
 Shroud of Golubria       Chrm/Tloc      #.........   50%         2    ###....
 Song of Slaying          Chrm           #.......     50%         2    ###....
 Sticks to Snakes         Tmut           #.......     50%         2    ###....
 Sublimation of Blood     Necr           #.........   50%         2    ###....
 Conjure Flame            Conj/Fire      #.......     73%         3    ####...
 Recall                   Summ/Tloc      N/A          73%         3    ####...
 Regeneration             Chrm/Necr      #.........   73%         3    ####...
 Spectral Weapon          Hex/Chrm       #.......     73%         3    ####...
 Spider Form              Tmut/Pois      #.........   73%         3    ####...
 Ice Form                 Ice/Tmut       #.......     98%         4    #####..
 Agony                    Necr           #.......     100%        5    ######.
 Aura of Abjuration       Summ           #.........   100%        5    ######.
 Blade Hands              Tmut           #.........   100%        5    ######.
 Bolt of Draining         Conj/Necr      #.........   100%        5    ######.
 Dispel Undead            Necr           #.......     100%        5    ######.
 Excruciating Wounds      Chrm/Necr      #.........   100%        5    ######.
 Fireball                 Conj/Fire      #.........   100%        5    ######.
 Irradiate                Conj/Tmut      #.........   100%        5    ######.
 Summon Demon             Summ           #.........   100%        5    ######.
 Summon Forest            Summ/Tloc      #.........   100%        5    ######.
 Summon Mana Viper        Hex/Summ       #.......     100%        5    ######.
 Hydra Form               Tmut           #.........   100%        6    #######
 Shadow Creatures         Summ           N/A          100%        6    #######
 Statue Form              Tmut/Erth      #........    100%        6    #######
 Dragon Form              Tmut           #.........   100%        7    #######
 Ring of Flames           Chrm/Fire      #.........   100%        7    #######
 Summon Hydra             Summ           #.........   100%        7    #######
 Ignition                 Fire           #.........   100%        8    #######


Dungeon Overview and Level Annotations

Branches:
Dungeon (9/15)             Temple (1/1) D:5            Lair (5/6) D:9
  Swamp (0/4) Lair:2       Spider (0/4) Lair:4
  Slime: Lair:5-6       Orc: D:9-12

Altars:
Ashenzari
Cheibriados
Dithmenos
Elyvilon
Fedhas
Gozag
Hepliaklqana
Kikubaaqudgha
Makhleb
Nemelex Xobeh
Okawaru
Qazlal
Ru
Sif Muna
Trog
Uskayaw
Vehumet
Wu Jian
Xom
Yredelemnul
Zin
The Shining One

Shops:
D:4 !   D:5 =


Message History

The fire crab is lightly wounded.
You slash the yak! You slash the wolf! x2
You kill the wolf!
Lugonu accepts your kill.
A yak comes into view.
The wolf bites you.
* * * LOW HITPOINT WARNING * * *
You hit the fire crab.
The fire crab is lightly wounded.
You slice the yak!!
You kill the yak!
Lugonu accepts your kill.
You barely miss the wolf.
The fire crab bites you but does no damage.
The fire crab claws you.
* * * LOW HITPOINT WARNING * * *
You are engulfed in flames!
* * * LOW HITPOINT WARNING * * *
The wolf bites you!
You die...

##...........
#.....##......P ##...##
#...#. #.#..# ..
..#####...# .#### .
.........P######....#..
...#...†....PP...P##...
###........§........
#P#......@h†......
#####P.#..††##.#.#
##..##t†.# #...%...#
#...#..#.# #.#...#Y###
.........# .....#Y.Y. .
..# ...


You could see a fire crab, 2 yaks and a wolf.

Vanquished Creatures
  Kirke (Lair:5)
  Nessos (Lair:4)
  A tengu warrior (D:9)
  Pikel (D:7)
  An oklob plant (Lair:2)
  4 elephants (Lair:5)
  A black mamba (Lair:1)
  10 spiny frogs
  A rime drake (Lair:4)
  3 komodo dragons
  3 trolls (D:9)
  A hornet (D:9)
  8 hippogriffs
  11 dream sheep
  9 blink frogs
  2 redbacks (Lair:4)
  15 yaks
  A shadow (D:9)
  A human (D:7)
  9 hogs
  A steam dragon (D:9)
  A hungry ghost (D:9)
  A basilisk (Lair:2)
  Eustachio (D:6)
  Menkaure (D:7)
  18 water moccasins
  7 porcupines
  5 orc warriors
  3 sky beasts
  A slave (D:7)
  An ice beast (D:8)
  6 ogres
  2 centaurs
  10 wolves
  3 big kobolds
  9 crocodiles
  13 bullfrogs
  Dowan (D:7)
  2 gnoll sergeants
  A water moccasin zombie (D:8)
  4 scorpions
  2 howler monkeys
  2 wights (D:9)
  2 electric eels
  3 crimson imps
  5 orc priests
  3 jellies
  A centaur skeleton (D:5)
  4 hounds
  A bullfrog skeleton (D:6)
  5 iguanas
  11 orc wizards
  2 worker ants
  A hound zombie (D:5)
  2 hound skeletons
  3 worker ant zombies
  A howler monkey skeleton (D:9)
  5 gnolls (D:6)
  13 adders
  2 shadow imps
  A white imp (D:8)
  An ooze (D:4)
  3 adder skeletons
  2 worms (D:4)
  2 dart slugs
  3 leopard geckos (D:1)
  36 orcs
  5 bats
  5 giant cockroaches
  6 hobgoblins
  7 jackals
  23 kobolds
  2 quokkas
  5 ball pythons
  13 frilled lizards
  5 goblins
  A goblin skeleton (D:8)
  2 goblin zombies (D:8)
  3 hobgoblin zombies (D:8)
  A kobold zombie (D:8)
  2 leopard gecko skeletons
  A quokka skeleton (D:8)
  7 rats
  A bush (Lair:2)
  A fungus (Lair:2)
  A plant (Lair:5)
382 creatures vanquished.

Vanquished Creatures (others)
  3 hydras
  Duvessa (D:7)
  2 howler monkeys (D:7)
  A crimson imp (D:7)
  A worker ant (D:7)
  An adder (D:7)
  4 jackals (D:7)
  10 fungi
  6 plants (Lair:5)
29 creatures vanquished.

Grand Total: 411 creatures vanquished

Notes
Turn   | Place    | Note
-------+----------+-------------------------------------------
     0 | Abyss:1  | Borgoz the Hill Orc Abyssal Knight began the quest for the
                  | Orb.
     0 | Abyss:1  | Reached XP level 1. HP: 19/19 MP: 2/2
    38 | Abyss:1  | Noticed a crimson imp
    41 | Abyss:1  | Noticed a small abomination
    53 | D:1      | Escaped the Abyss
   102 | D:1      | Reached XP level 2. HP: 7/27 MP: 3/3
   355 | D:1      | Reached skill level 3 in Axes
   429 | D:1      | Reached * piety under Lugonu
   617 | D:1      | Reached XP level 3. HP: 31/33 MP: 4/4
  1104 | D:2      | Found a faded altar of an unknown god.
  1140 | D:2      | Reached skill level 4 in Axes
  1199 | D:2      | Reached ** piety under Lugonu
  1202 | D:2      | Reached XP level 4. HP: 41/41 MP: 5/5
  1234 | D:2      | Reached skill level 1 in Dodging
  1439 | D:2      | Found a bloodstained altar of Trog.
  1439 | D:2      | Found a sacrificial altar of Ru.
  2179 | D:3      | Reached XP level 5. HP: 27/47 MP: 6/6
  2192 | D:3      | Reached skill level 5 in Axes
  2931 | D:3      | Reached XP level 6. HP: 49/55 MP: 7/7
  3001 | D:4      | Reached skill level 5 in Fighting
  3066 | D:4      | Found an iron altar of Okawaru.
  3092 | D:4      | Found Doroh's Distillery.
  3196 | D:4      | Reached skill level 6 in Axes
  3668 | D:5      | Entered Level 5 of the Dungeon
  3680 | D:5      | Reached XP level 7. HP: 61/61 MP: 8/8
  3712 | D:5      | Got an ancient copper amulet
  3809 | D:5      | Found a staircase to the Ecumenical Temple.
  3820 | D:5      | Reached *** piety under Lugonu
  3820 | D:5      | Reached skill level 7 in Axes
  3826 | Temple   | Entered the Ecumenical Temple
  3832 | Temple   | Identified the amulet of Life {Reflect +Blink +Inv SH+5}
                  | (You found it on level 5 of the Dungeon)
  3985 | D:5      | Found Jigot's Jewellery Boutique.
  3990 | D:5      | Found a basalt altar of Yredelemnul.
  5376 | D:6      | Reached XP level 8. HP: 70/70 MP: 9/9
  5387 | D:6      | Reached skill level 8 in Axes
  5708 | D:6      | Reached skill level 5 in Armour
  5801 | D:6      | Found a white marble altar of Elyvilon.
  6549 | D:6      | Noticed Eustachio
  6598 | D:6      | Killed Eustachio
  6598 | D:6      | Reached skill level 9 in Axes
  7239 | D:6      | Found a shattered altar of Ashenzari.
  7405 | D:7      | Noticed Menkaure
  7409 | D:7      | Killed Menkaure
  7409 | D:7      | Reached skill level 10 in Axes
  7409 | D:7      | Reached skill level 1 in Evocations
  7409 | D:7      | Reached XP level 9. HP: 79/79 MP: 10/10
  7449 | D:7      | Noticed Duvessa
  7449 | D:7      | Noticed Dowan
  7450 | D:7      | Noticed Pikel
  7458 | D:7      | Killed Duvessa
  7460 | D:7      | Killed Dowan
  7465 | D:7      | Killed Pikel
  7465 | D:7      | Reached skill level 11 in Axes
  8033 | D:7      | Reached **** piety under Lugonu
  8150 | D:7      | Reached skill level 12 in Axes
  8254 | D:7      | Reached XP level 10. HP: 88/88 MP: 12/12
  8520 | D:7      | Found a sparkling altar of Nemelex Xobeh.
  8581 | D:8      | Identified Vaovvara's Catalogue of Torrid Creation
  9071 | D:8      | Found a glowing golden altar of the Shining One.
  9086 | D:8      | Got a spiked leather armour
  9431 | D:8      | Reached ***** piety under Lugonu
 10014 | D:9      | Reached skill level 13 in Axes
 10064 | D:9      | Got a twitching brass ring
 10277 | D:9      | Found a snail-covered altar of Cheibriados.
 10279 | D:9      | Found a staircase to the Lair.
 10975 | D:9      | Noticed a tengu warrior
 11000 | D:9      | Killed a tengu warrior
 11000 | D:9      | Reached XP level 11. HP: 97/97 MP: 13/13
 11247 | D:9      | Reached skill level 14 in Axes
 11826 | Lair:1   | Entered Level 1 of the Lair of Beasts
 11904 | Lair:1   | Identified the +3 leather armour of Greater Demons {+Blink
                  | rF+ rN+ Dex+4} (You found it on level 8 of the Dungeon)
 11921 | Lair:1   | Identified the cursed ring of Lugonu's Approval {rElec rN+
                  | AC-3 Dex+4} (You found it on level 9 of the Dungeon)
 12109 | Lair:1   | Reached skill level 10 in Fighting
 12109 | Lair:1   | Reached skill level 5 in Dodging
 12884 | Lair:1   | HP: 4/99 [poisoned by a spiny frog]
 12891 | Lair:1   | HP: 4/99 [poisoned by a spiny frog]
 12899 | Lair:1   | HP: 4/99 [poisoned by a spiny frog]
 13411 | Lair:1   | Noticed a five-headed hydra
 13448 | Lair:1   | Banished a five-headed hydra
 14228 | Lair:1   | Reached skill level 15 in Axes
 15283 | Lair:2   | Noticed an oklob plant
 15415 | Lair:2   | Found a staircase to the Swamp.
 15906 | Lair:2   | Reached XP level 12. HP: 29/108 MP: 15/15
 18099 | Lair:3   | Reached skill level 16 in Axes
 18480 | Lair:3   | Found a runed door.
 19376 | Lair:3   | Noticed a seven-headed hydra
 19724 | Lair:4   | Got a bloodstained leather armour
 19735 | Lair:4   | Identified the +3 leather armour "Zalya" {rPois rC+ MR+}
                  | (You found it on level 4 of the Lair of Beasts)
 19939 | Lair:4   | Noticed a six-headed hydra
 19949 | Lair:4   | Banished a six-headed hydra
 20529 | Lair:4   | Reached skill level 5 in Invocations
 21161 | Lair:4   | Found a hole to the Spider Nest.
 21210 | Lair:4   | Reached skill level 5 in Evocations
 21425 | Lair:4   | Reached XP level 13. HP: 110/118 MP: 17/17
 21818 | Lair:4   | Noticed Nessos
 21836 | Lair:4   | Killed Nessos
 21836 | Lair:4   | Reached skill level 10 in Armour
 22805 | Lair:5   | Identified Sif Muna's Reference Book on the Blaze
 23213 | Lair:5   | Noticed Kirke
 23225 | Lair:5   | Noticed a sphinx
 23235 | Lair:5   | Killed Kirke
 23235 | Lair:5   | Reached skill level 17 in Axes
 23238 | Lair:5   | HP: 4/178 [fire crab (11)]
 23239 | Lair:5   | Slain by a wolf

Vault maps used:
D:1:      dpeg_arrival_pond, minmay_lizard_king
D:2:      gammafunk_temple_overflow_pools, chequers_ecumenical_altar_simple
D:3:      first_ration, saegor_snake_ambush
D:4:      serial_shops, nicolae_shop_stone, okawaru_metal_pillars_3
D:5:      lemuel_doored_altar, minmay_temple_entry_proselytizer, serial_shops,
          shop
D:6:      marbit_many_paths, old_standard_altar, uniq_eustachio
D:7:      kennysheep_mini_moat, grunt_livestock, dk_noncrumbling_3, uniq_pikel,
          uniq_menkaure, uniq_duvessa
D:8:      nicolae_tso_besieged_by_evil, nicolae_zen_rock_garden
D:9:      minmay_the_grid_4x2, lair_entry_dummy, cheibriados_altar_1
Temple:   regret_index_temple_waves
Lair:1:   grunt_megastairs_3
Lair:2:   swamp_mist_pool, minmay_lair_oklob_bushes, infiniplex_staircase_pool
Lair:3:   pf_torpor_hydra
Lair:4:   spider_nest_entry_webs, wad_woods_road_01, uniq_nessos
Lair:5:   gammafunk_ghost_icy, uniq_kirke

Skill      XL: |  1  2  3  4  5  6  7  8  9 10 11 12 13 |
---------------+----------------------------------------+-----
Fighting       | 4 5 6 7 8 9 10 12 | 12.6
Axes           | 3 4 5 6 7 10 12 13 15 16 17 | 17.0
Dodging        | 1 2 3 4 5 6 7 |  7.1
Armour         | 3 4 5 6 8 9 10 | 10.3
Evocations     | 1 2 3 4 5 6 |  6.0
Invocations    | 4 5 6 |  6.9

Action                   |  1- 3 |  4- 6 |  7- 9 | 10-12 | 13-15 || total
-------------------------+-------+-------+-------+-------+-------++-------
Melee: Hand axe          |   107 |   193 |   436 |       |       ||   736
       War axe           |       |       |       |   729 |   107 ||   836
Throw: Tomahawk          |       |       |       |    10 |       ||    10
       Throwing net      |       |       |       |     2 |       ||     2
Invok: Depart the Abyss  |     1 |       |       |       |       ||     1
       Banish            |       |       |       |     5 |     3 ||     8
 Abil: Evoke Berserk Rag |       |       |     5 |    10 |     2 ||    17
Evoke: Wand              |       |     2 |       |     6 |       ||     8
  Use: Potion            |       |     3 |     4 |     4 |     2 ||    13
       Scroll            |       |       |     7 |    12 |       ||    19
 Stab: Invisible         |       |       |     3 |     4 |     5 ||    12
       Sleeping          |       |       |       |     3 |       ||     3
  Eat: Chunk             |     1 |     8 |    17 |    42 |     6 ||    74
       Ration            |       |       |     1 |     3 |     1 ||     5
Armor: Leather armour    |    50 |    75 |       |    42 |    51 ||   218
       Ring mail         |       |     4 |   149 |   150 |       ||   303
       Skin              |       |       |       |     3 |       ||     3
Dodge: Dodged            |    75 |    96 |   201 |   409 |   100 ||   881
Block: Other             |       |       |    62 |       |       ||    62

Table legend:
 A = Non-vault XP
 B = Vault XP
 C = Vault XP percentage of total XP
 D = Non-vault monster count
 E = Vault monster count
 F = Vault count percentage of total count
                 A         B        C        D         E       F
            +---------+---------+-------+---------+---------+-------
      Total |   31332 |   11634 |  27.1 |     311 |      72 |  18.8
            +---------+---------+-------+---------+---------+-------
        D:1 |      37 |      15 |  28.8 |      20 |      12 |  37.5
        D:2 |      68 |       0 |   0.0 |      21 |       0 |   0.0
        D:3 |     196 |      14 |   6.7 |      22 |       2 |   8.3
        D:4 |     286 |       0 |   0.0 |      12 |       0 |   0.0
        D:5 |     238 |      43 |  15.3 |      11 |       1 |   8.3
        D:6 |    1125 |     195 |  14.8 |      33 |       2 |   5.7
        D:7 |     555 |    2012 |  78.4 |      17 |       9 |  34.6
        D:8 |    1321 |      17 |   1.3 |      35 |       8 |  18.6
        D:9 |    1324 |    3093 |  70.0 |      21 |      26 |  55.3
     Lair:1 |    5428 |     508 |   8.6 |      26 |       1 |   3.7
     Lair:2 |    3358 |     580 |  14.7 |      17 |       1 |   5.6
     Lair:3 |    3573 |       0 |   0.0 |      18 |       0 |   0.0
     Lair:4 |    7495 |    1834 |  19.7 |      31 |       3 |   8.8
     Lair:5 |    6328 |    3323 |  34.4 |      27 |       7 |  20.6
            +---------+---------+-------+---------+---------+-------
